 Dungeon Crawl Stone Soup version 0.25-a0-547-g27a0b5d1ef (console) character file.

Game seed: 579702807335534416, levelgen mode: deterministic

357613 utis the Stormcaller (level 22, -11/137 HPs)
             Began as a Tengu Venom Mage on Feb 14, 2020.
             Killed by the air
             ... invoked by a spriggan air mage
             ... summoned by a glowing orange brain
              (35 damage)
             ... on level 2 of the Depths on Feb 21, 2020.
             The game lasted 06:18:48 (95845 turns).

utis the Stormcaller (Tengu Venom Mage)            Turns: 95845, Time: 06:18:49

Health: -11/137    AC: 16    Str: 19    XL:     22   Next: 37%
Magic:  27/31      EV: 22    Int: 16    God:
Gold:   1143       SH:  9    Dex: 17    Spells: 2/32 levels left

rFire    . . .     SeeInvis .   a - +4 double sword (venom)
rCold    + + +     Gourm    .   G - +2 buckler {rC+}
rNeg     . . .     Faith    .   d - +1 ice dragon scales
rPois    .         Spirit   .   l - +2 hat {MR+}
rElec    .         Reflect  .   Y - +2 cloak
rCorr    .         Harm     .   N - +2 pair of gloves {Str+3}
MR       ++...                  (boots unavailable)
Stlth    ++........             S - amulet of the acrobat
HPRegen  0.32/turn              F - ring of protection from fire {=R}
MPRegen  0.22/turn              O - +3 ring of protection

@: corroded, flying quickly and evasively, very slightly contaminated, hasted
(expiring), very quick
A: beak, talons 3, able to fly
}: 2/15 runes: decaying, gossamer
a: Stop Flying


You were on level 2 of the Depths.
You were not hungry.

You visited 7 branches of the dungeon, and saw 37 of its levels.
You also visited: Sewer, Bailey and Ice Cave.

You collected 4275 gold pieces.
You spent 3132 gold pieces at shops.

Inventory:

Hand Weapons
 a - a +4 double sword of venom (weapon)
 m - the +9 scimitar of the Ancients {holy, rF+ rC- Dex+4}
   (You bought it in a shop on level 9 of the Dungeon)

   It has been blessed by the Shining One to cause great damage to the undead
   and demons.
   It affects your dexterity (+4).
   It protects you from fire.
   It makes you vulnerable to cold.
 w - a +2 demon blade of venom
Missiles
 s - 10 curare-tipped darts {=f}
 z - 12 javelins (quivered)
 L - 6 throwing nets {=f}
 P - 16 atropa-tipped darts
Armour
 d - +1 ice dragon scales (worn)
 l - a +2 hat of magic resistance (worn)
 G - a +2 buckler of cold resistance (worn)
 N - a +2 pair of gloves of strength (worn)
 Y - a +2 cloak (worn)
Jewellery
 c - an uncursed ring of ice
 C - an uncursed ring of protection from cold
 E - an uncursed ring of resist corrosion
 F - a ring of protection from fire (left hand) {=R}
 O - a +3 ring of protection (right hand)
 S - an amulet of the acrobat (around neck)
 Z - an uncursed ring of wizardry
Wands
 b - a wand of clouds (1)
 e - a wand of digging (1)
 k - a wand of paralysis (5)
 r - a wand of enslavement (20)
 H - a wand of iceblast (26)
 U - a wand of acid (22)
Scrolls
 n - 5 scrolls of remove curse {@r2}
 u - a scroll of enchant armour
 A - 6 scrolls of blinking
 B - a scroll of holy word
 D - 16 scrolls of teleportation {@r4}
 I - 4 scrolls of identify {@r1}
 J - 2 scrolls of silence {!r}
 K - 3 scrolls of fog
 R - 3 scrolls of fear
 T - 4 scrolls of vulnerability
Potions
 i - 2 potions of curing {@q1}
 j - 6 potions of haste {@q3}
 o - 2 potions of ambrosia
 p - 5 potions of stabbing
 q - a potion of brilliance
 t - 4 potions of might
 v - a potion of heal wounds {@q2}
 x - 4 potions of magic
 y - 2 potions of berserk rage {!q}
 Q - a potion of resistance
 W - 4 potions of invisibility
Miscellaneous
 M - a lamp of fire (inert)
 V - a lightning rod (1/4)
 X - 2 sacks of spiders
Comestibles
 f - a chunk of flesh
 h - 30 rations {@e1}


   Skills:
 - Level 14.0 Fighting
   Level 10.0(13.6) Short Blades
 - Level 15.0(16.0) Long Blades
   Level 5.0 Crossbows
 - Level 15.4 Armour
 - Level 13.7 Dodging
 - Level 6.0 Stealth
 - Level 10.0 Shields
 + Level 5.9 Spellcasting
 * Level 13.9 Conjurations
 - Level 15.0 Summonings
 - Level 0.7 Transmutations
 - Level 5.0 Ice Magic
 * Level 16.1 Air Magic
 - Level 10.0 Poison Magic
 - Level 8.0 Evocations


You had 2 spell levels left.
You knew the following spells:

 Your Spells              Type           Power        Failure   Level  Hunger
a - Sting                 Tmut/Pois      ###.         3%          1    None
c - Freezing Cloud        Conj/Ice/Air   #####.....   41%         6    #######
p - Mephitic Cloud        Conj/Pois/Air  #####...     1%          3    ##.....
t - Summon Lightning Spi  Summ/Air       ######..     1%          4    ####...
w - Shadow Creatures      Summ           N/A          12%         6    #######
B - Summon Butterflies    Summ           ######..     1%          1    None
W - Dazzling Flash        Conj/Hex       ####..       6%          3    ##.....
X - Olgreb's Toxic Radia  Pois           #####...     6%          4    ####...
Y - Poisonous Vapours     Pois/Air       #####.       1%          2    #......

Your spell library contained the following spells:

 Spells                   Type           Power        Failure   Level  Hunger
 Magic Dart               Conj           ####         1%          1    None
 Summon Small Mammal      Summ           ####         1%          1    None
 Call Imp                 Summ           ######..     1%          2    #......
 Searing Ray              Conj           #####.       1%          2    #......
 Animate Skeleton         Necr           N/A          34%         1    None
 Apportation              Tloc           #.....       34%         1    None
 Corona                   Hex            #......      34%         1    None
 Sandblast                Erth           #.....       34%         1    None
 Passwall                 Tmut/Erth      #.......     41%         2    #......
 Call Canine Familiar     Summ           ######..     1%          3    ##.....
 Summon Demon             Summ           ######....   1%          5    ######.
 Summon Guardian Golem    Hex/Summ       ####....     4%          3    ##.....
 Conjure Flame            Conj/Fire      ####....     6%          3    ##.....
 Stone Arrow              Conj/Erth      ####..       6%          3    ##.....
 Summon Ice Beast         Ice/Summ       #####...     6%          4    ####...
 Fulminant Prism          Conj/Hex       ####......   21%         4    ####...
 Iskenderun's Mystic Bla  Conj/Tloc      ####....     21%         4    ####...
 Ignite Poison            Fire/Tmut/Pois ###.....     24%         3    ##.....
 Summon Mana Viper        Hex/Summ       ####....     41%         5    ######.
 Summon Hydra             Summ           ######....   54%         7    #######
 Confusing Touch          Hex            #.......     71%         3    ##.....
 Gell's Gravitas          Tloc           #.........   71%         3    ##.....
 Lesser Beckoning         Tloc           #.........   71%         3    ##.....
 Tukima's Dance           Hex            #.......     71%         3    ##.....
 Ice Form                 Ice/Tmut       ##......     71%         4    ####...
 Alistair's Intoxication  Tmut/Pois      ###.....     71%         5    ######.
 Petrify                  Tmut/Erth      #.......     96%         4    ####...
 Metabolic Englaciation   Hex/Ice        ##........   98%         5    ######.
 Lee's Rapid Deconstruct  Erth           #.........   100%        5    ######.
 Yara's Violent Unravell  Hex/Tmut       #.........   100%        5    ######.
 Invisibility             Hex            #.......     100%        6    #######
 Ring of Flames           Chrm/Fire      #.........   100%        7    #######


Dungeon Overview and Level Annotations

Branches:
Dungeon (15/15)            Temple (0/1) D:7            Lair (6/6) D:10
  Swamp (4/4) Lair:2       Spider (4/4) Lair:3        Slime (0/5) Lair:5
    Orc (2/2) D:9             Elf (0/3) Orc:2        Vaults (4/5) D:13
  Crypt (0/3) Vaults:3     Depths (2/5) D:15          Sewer (visited)
 Bailey (visited)           IceCv (visited)

Altars:
Cheibriados
Dithmenos
Gozag
Ru
Uskayaw
The Shining One
Jiyva

Shops:
D:9 (*[   Orc:2 ((*!   Vaults:1 :   Vaults:2 [   Vaults:3 *   Vaults:4 =
Depths:2 :

Portals:
Hell: Depths:1 Depths:2
Abyss: Orc:1 Depths:1

Annotations:
D:13 2 transporters
Lair:5 1 runed translucent door
Swamp:3 3 runed translucent doors, Komuebb's ghost, journeyman DDFi; Tuxkiomm's ghost, adept MiFi; Vogy's ghost, journeyman DDFi


Innate Abilities, Weirdness & Mutations

You have a beak for a mouth.
You have claws for feet.
You can fly continuously.


Message History

The red ugly thing dissolves into shadows!
The fire dragon breathes flames at you. The blast of flame hits you!!!
* * * LOW HITPOINT WARNING * * *
You are too injured to fight recklessly!
Unknown command.
Unknown command.
Blink to where?
Press: ? - help, Dir - move target cursor You are very lightly contaminated with residual magic.
As you read the scroll of blinking, it crumbles to dust.
The spriggan air mage waves its arms in wide circles.
The air twists around and violently strikes you in flight!!
* * * LOW HITPOINT WARNING * * *
You feel much better.
As you read the scroll of fog, it crumbles to dust.
The scroll dissolves into smoke.
The spriggan air mage waves its arms in wide circles.
The air twists around and violently strikes you in flight!!
You die...

░.D...iiG░ ░§░░.░░░.░
░.░▒▒▒▒▒.▒▒▒▒▒
░.▒▒...▒.▒...▒▒
░.▒...........▒
░.▒..▓▓u..▓▓..▒░░░░░░
░.▒..▓▓i..▓▓..▒...➘➘░
░.▒▒.§§§§....▒▒.➘➘.<░
░....§Q§∩........).)░
░░▒▒.§§§.....▒▒...➘➘░
▒..▓▓§..▓▓..▒...).░ .
▒..▓▓...▓▓..▒...>.░..
▒...........▒........
▒▒...▒.▒...▒▒.....░..
▒▒▒▒▒.▒▒▒▒▒......░..
░.░ ░.......░ . .░
░......§░ .


You could see a red very ugly thing and a spriggan air mage.

Vanquished Creatures
  Boris (Vaults:4)
  Saint Roka (Depths:1)
  3 caustic shrikes (Depths:2)
  Nikola (Depths:1)
  Jorgrun (Swamp:2)
  2 tentacled monstrosities
  A titan (Vaults:4)
  A sphinx (Vaults:2)
  2 thorn hunters
  2 tengu reavers
  A frost giant (Vaults:3)
  7 vault wardens
  3 fire giants
  4 ghost moths
  An orc warlord (Orc:1)
  2 emperor scorpions (Spider:4)
  A curse skull (Vaults:3)
  14 ironheart preservers
  14 very ugly things
  5 entropy weavers
  2 deep elf demonologists
  10 stone giants
  2 vampire knights (Depths:1)
  A deep elf annihilator (Vaults:4)
  A deep elf death mage (Vaults:4)
  4 spark wasps
  5 ettins
  2 crystal guardians
  A fire dragon (Depths:1)
  10 yaktaur captains
  4 jiangshi
  4 great orbs of eyes
  Josephine (D:10)
  10 vault guards
  2 rakshasas
  Fannar (Lair:2)
  16 hydras
  3 catoblepae (Lair:6)
  3 ice dragons
  3 death knights
  A titan zombie (Vaults:4)
  6 centaur warriors
  15 alligators
  4 shambling mangroves
  Erica (D:9)
  44 two-headed ogres
  17 ogre magi
  4 deep troll shamans
  8 death yaks
  2 spriggan berserkers (Depths:1)
  9 deep troll earth magi
  A vampire mage (Depths:1)
  Urug (D:10)
  Sonja (D:11)
  3 skeletal warriors (Vaults:2)
  A shadow wraith (Vaults:2)
  14 deep trolls
  7 swamp dragons
  3 spriggan druids
  2 glowing orange brains
  A flayed ghost (Vaults:4)
  2 deep elf archers
  4 wizards
  A phantasmal warrior (Vaults:4)
  A harpy (shapeshifter) (Vaults:3)
  8 ironbrand convokers
  16 orc knights
  29 wolf spiders
  11 deep elf magi
  18 orb spiders
  4 necromancers
  A manticore (Lair:6)
  A frost giant zombie (Vaults:4)
  3 cyclopes
  9 orc sorcerers
  2 salamanders (shapeshifter)
  Joseph (D:8)
  28 ugly things
  5 moths of wrath
  16 vault sentinels
  A guardian serpent (Depths:1)
  2 centaur zombies
  A frost giant skeleton (Vaults:3)
  3 ice statues
  A torpor snail (Spider:4)
  2 black mambas
  4 elephants
  A smoke demon (Orc:1)
  Psyche (D:9)
  12 spiny frogs
  A centaur skeleton (D:11)
  A rime drake (shapeshifter) (Vaults:3)
  18 demonic crawlers
  36 yaktaurs
  An efreet (D:15)
  A yaktaur zombie (Vaults:4)
  2 tengu conjurers
  10 freezing wraiths
  3 komodo dragons
  A rime drake (Lair:6)
  14 trolls
  A troll (shapeshifter) (Vaults:1)
  2 yaktaur skeletons
  13 ice devils
  2 meliai (D:14)
  44 jumping spiders
  A tengu simulacrum (Vaults:3)
  A polar bear (Lair:3)
  8 tyrant leeches
  Prince Ribbit (D:8)
  25 hornets
  A hornet (shapeshifter) (Vaults:4)
  An ettin zombie (Vaults:1)
  4 blink frogs (Lair:3)
  A raiju (shapeshifter) (Vaults:1)
  7 hippogriffs
  4 bog bodies
  2 stone giant simulacra
  41 slime creatures
  88 redbacks
  56 tarantellas
  A tarantella (shapeshifter) (D:12)
  Sigmund (D:5)
  60 yaks
  2 shadows
  5 spriggans
  2 basilisks
  6 wraiths
  3 wyverns
  A basilisk (shapeshifter) (Vaults:2)
  2 humans (shapeshifter)
  A fire bat (shapeshifter) (Vaults:4)
  A steam dragon (Lair:4)
  Edmund (D:5)
  3 vampire mosquitoes
  6 wargs
  12 insubstantial wisps (Swamp:1)
  2 hungry ghosts
  A deep troll zombie (Vaults:4)
  14 swamp worms
  A warg (shapeshifter) (Vaults:1)
  3 acid dragons
  3 elf zombies
  6 water moccasins
  An ogre skeleton (Vaults:1)
  A floating eye (Lair:6)
  10 porcupines
  43 orc warriors
  7 swamp drakes
  A swamp drake (shapeshifter) (Vaults:4)
  5 ice beasts
  6 sky beasts
  A hornet zombie (D:10)
  3 necrophages
  A black bear (D:11)
  4 phantoms
  An ettin simulacrum (Vaults:3)
  13 centaurs
  13 boggarts
  An ogre (shapeshifter) (Vaults:1)
  52 ogres
  9 wolves
  An elf skeleton (Vaults:4)
  12 crocodiles
  2 gnoll sergeants
  A human zombie (Vaults:1)
  3 big kobolds
  15 bullfrogs
  A human skeleton (Vaults:1)
  A wyvern zombie (D:9)
  2 wyvern skeletons
  5 scorpions
  A human simulacrum (Vaults:4)
  4 killer bees (D:8)
  6 wights (D:11)
  A howler monkey (D:12)
  7 crimson imps
  2 quasits (D:8)
  2 bullfrog zombies
  4 jellies
  17 orc priests
  4 hounds
  An iron imp (Depths:1)
  40 orc wizards
  3 bullfrog skeletons
  2 iguanas
  Terence (D:2)
  8 worker ants
  A killer bee zombie (D:6)
  15 gnolls
  2 worker ant zombies (D:11)
  13 adders
  7 river rats
  5 shadow imps
  3 white imps (IceCv)
  3 ufetubi (IceCv)
  2 oozes (Sewer)
  A worm (D:6)
  3 dart slugs (D:1)
  5 leopard geckos
  146 orcs
  6 ball pythons
  6 giant cockroaches
  8 hobgoblins
  11 jackals
  23 kobolds
  7 quokkas
  6 bats
  9 frilled lizards
  A giant cockroach zombie (D:6)
  12 goblins
  3 leopard gecko skeletons
  28 rats
1657 creatures vanquished.

Vanquished Creatures (collateral kills)
  A juggernaut (Depths:1)
  Arachne (Spider:4)
  Gastronok (Orc:1)
  A vault warden (Vaults:2)
  Aizul (Spider:3)
  4 emperor scorpions
  An ironheart preserver (Vaults:2)
  The ghost of Error4North the Cleaver, a journeyman HOFi of Okawaru (Orc:1)
  5 hydras
  A shambling mangrove (Swamp:1)
  3 vault guards
  An orc high priest (Swamp:1)
  6 alligators
  A flayed ghost (Vaults:3)
  2 spriggan druids (Swamp:4)
  A skeletal warrior (Vaults:2)
  4 deep trolls (Vaults:2)
  5 swamp dragons
  A glowing orange brain (Orc:1)
  3 ironbrand convokers (Vaults:2)
  A wolf spider (Spider:3)
  5 ugly things
  An orc sorcerer (D:15)
  2 manticores
  A vault sentinel (Vaults:2)
  An ice devil (IceCv)
  A demonic crawler (Spider:3)
  A meliai (D:14)
  4 hornets
  3 bog bodies
  2 slime creatures (D:13)
  3 spriggans
  A redback (Spider:1)
  5 vampire mosquitoes
  7 swamp worms
  4 swamp drakes
  An ogre (D:13)
  A boggart (Vaults:3)
  A centaur (Depths:2)
  A crimson imp (D:13)
  A gnoll (D:13)
  A white imp (IceCv)
  2 ufetubi (IceCv)
  An orc (D:13)
  3 goblins (D:13)
98 creatures vanquished.

Vanquished Creatures (others)
  An ettin (Depths:1)
  A blizzard demon (IceCv)
  A demonic crawler (Spider:4)
  A jumping spider (Spider:4)
  2 tarantellas (Spider:4)
  A porcupine (Lair:2)
  A boggart (Vaults:1)
  An ogre (Depths:1)
  An orc wizard (D:10)
  6 white imps (IceCv)
  3 ufetubi (IceCv)
  7 fungi
  9 plants (Lair:6)
35 creatures vanquished.

Grand Total: 1790 creatures vanquished

Notes
Turn   | Place    | Note
-------+----------+-------------------------------------------
     0 | D:1      | utis the Tengu Venom Mage began the quest for the Orb.
     0 | D:1      | Reached XP level 1. HP: 10/10 MP: 4/4
   469 | D:1      | Reached XP level 2. HP: 15/15 MP: 4/6
   492 | D:1      | Learned a level 2 spell: Poisonous Vapours
  1059 | D:1      | Reached XP level 3. HP: 19/19 MP: 5/7
  1264 | D:1      | Learned a level 3 spell: Mephitic Cloud
  1433 | D:2      | Noticed a bullfrog
  1439 | D:2      | Killed a bullfrog
  1439 | D:2      | Reached XP level 4. HP: 24/24 MP: 1/8
  1740 | D:2      | Noticed Terence
  1755 | D:2      | Killed Terence
  1755 | D:2      | Gained mutation: You can fly continuously. [Tengu growth]
  1755 | D:2      | Reached XP level 5. HP: 28/28 MP: 3/9
  2477 | D:2      | Reached skill level 1 in Air Magic
  2801 | D:3      | Reached skill level 1 in Conjurations
  2801 | D:3      | Reached skill level 2 in Air Magic
  2801 | D:3      | Reached XP level 6. HP: 32/32 MP: 10/10
  2865 | D:3      | Found a glowing golden altar of the Shining One.
  2926 | D:3      | Reached skill level 5 in Poison Magic
  3403 | D:3      | Reached skill level 3 in Air Magic
  3548 | D:3      | Found a shadowy altar of Dithmenos.
  3548 | D:3      | Found a sacrificial altar of Ru.
  3790 | D:3      | Found the +7 great mace "Undeadhunter" {disrupt, rN+}
  3866 | D:4      | Noticed a phantom
  3899 | D:4      | Killed a phantom
  3899 | D:4      | Reached XP level 7. HP: 36/36 MP: 11/11
  4095 | D:4      | Reached skill level 4 in Air Magic
  4110 | D:4      | Found an opulent altar of Gozag.
  4114 | D:4      | Found a hide-covered altar of Uskayaw.
  4296 | D:4      | Reached skill level 1 in Short Blades
  4296 | D:4      | Reached skill level 1 in Armour
  4389 | D:4      | Reached skill level 1 in Fighting
  4647 | D:4      | Reached XP level 8. HP: 40/43 MP: 13/13
  4851 | D:4      | Identified the +0 robe of the Griffon {Str+3}
  5045 | D:4      | Reached skill level 5 in Dodging
  5873 | D:5      | Entered Level 5 of the Dungeon
  6701 | D:5      | Noticed Sigmund
  6702 | D:5      | Noticed Edmund
  6711 | D:5      | Killed Sigmund
  6715 | D:5      | Killed Edmund
  6715 | D:5      | Reached skill level 5 in Air Magic
  6917 | D:5      | Reached XP level 9. HP: 49/49 MP: 8/15
  7340 | D:6      | Reached skill level 6 in Air Magic
  7490 | D:6      | Found a glowing drain.
  7505 | Sewer    | Entered a sewer
  8435 | D:6      | Reached skill level 5 in Conjurations
  8435 | D:6      | Reached skill level 7 in Air Magic
  8800 | D:6      | Got a brightly glowing buckler
  8843 | D:6      | sigh
  8848 | D:6      | Identified the cursed -3 buckler of the Black Moon
                  | {*Corrode MR+ Regen+ Dex+5} (You found it on level 6 of the
                  | Dungeon)
  8928 | D:7      | Found a staircase to the Ecumenical Temple.
  9930 | D:8      | Noticed Joseph
  9968 | D:8      | Killed Joseph
 10081 | D:8      | Learned a level 4 spell: Olgreb's Toxic Radiance
 10122 | D:8      | Reached XP level 10. HP: 56/56 MP: 15/17
 10330 | D:8      | Noticed Prince Ribbit
 10352 | D:8      | Killed Prince Ribbit
 10838 | D:8      | Reached skill level 5 in Fighting
 11090 | D:8      | Noticed a two-headed ogre
 11117 | D:8      | Killed a two-headed ogre
 11117 | D:8      | Reached skill level 5 in Armour
 11350 | D:9      | Learned a level 1 spell: Summon Butterflies
 11386 | D:9      | Noticed Erica
 11565 | D:9      | Found Alif's Armour Shoppe.
 11581 | D:9      | Noticed Psyche
 11588 | D:9      | Reached skill level 1 in Evocations
 11601 | D:9      | Killed Psyche
 11656 | D:9      | Found Pewkucen's Assorted Antiques.
 11662 | D:9      | Bought 2 scrolls of identify for 128 gold pieces
 11662 | D:9      | Bought a scroll of identify for 64 gold pieces
 11662 | D:9      | Bought a scroll of identify for 64 gold pieces
 11797 | D:9      | Killed Erica
 11823 | D:9      | Found Bewuamum's Weapon Boutique.
 11959 | D:9      | Found a snail-covered altar of Cheibriados.
 11988 | D:9      | Reached skill level 5 in Evocations
 12232 | D:9      | Reached XP level 11. HP: 64/64 MP: 18/18
 12294 | D:9      | Reached skill level 8 in Air Magic
 12593 | D:9      | Found a staircase to the Orcish Mines.
 13015 | D:10     | Entered Level 10 of the Dungeon
 13105 | D:10     | Noticed Urug
 13636 | D:10     | Killed Urug
 13636 | D:10     | Reached skill level 9 in Air Magic
 13768 | D:10     | Reached skill level 5 in Spellcasting
 14296 | D:10     | Found a staircase to the Lair.
 14360 | D:10     | Noticed Josephine
 14784 | D:10     | Killed Josephine
 14784 | D:10     | Reached skill level 10 in Air Magic
 15995 | D:11     | Noticed a cyan ugly thing
 16041 | D:11     | Killed a cyan ugly thing
 16706 | D:11     | Reached XP level 12. HP: 61/72 MP: 16/20
 16902 | D:11     | Noticed Sonja
 16917 | D:11     | Killed Sonja
 17760 | Lair:1   | Entered Level 1 of the Lair of Beasts
 18879 | Lair:1   | Reached skill level 5 in Short Blades
 20533 | Lair:2   | Noticed Fannar
 20599 | Lair:2   | Killed Fannar
 21390 | Lair:1   | Reached XP level 13. HP: 57/80 MP: 21/21
 21788 | Lair:2   | Found a staircase to the Swamp.
 23416 | Lair:3   | Found a hole to the Spider Nest.
 23801 | Lair:3   | Got a faintly glowing falchion
 25165 | Lair:4   | Reached skill level 10 in Armour
 26945 | Lair:5   | Found a runed translucent door.
 26945 | Lair:5   | Found a viscous altar of Jiyva.
 26946 | Lair:5   | Found a staircase to the Slime Pits.
 26947 | Lair:5   | Noticed an acid blob
 27088 | Lair:6   | Entered Level 6 of the Lair of Beasts
 27393 | Lair:5   | Reached skill level 10 in Fighting
 27563 | Lair:5   | Reached skill level 10 in Short Blades
 28652 | Lair:5   | Learned a level 4 spell: Summon Lightning Spire
 30638 | Lair:5   | Reached XP level 14. HP: 50/88 MP: 20/22
 31123 | Lair:6   | Reached skill level 11 in Air Magic
 31379 | Lair:6   | Reached skill level 1 in Summonings
 31951 | Orc:1    | Entered Level 1 of the Orcish Mines
 31962 | Orc:1    | Noticed Gastronok
 31987 | Orc:1    | Killed Gastronok
 32390 | Orc:1    | Found a transporter.
 32391 | Orc:1    | Found a transporter.
 32391 | Orc:1    | Identified the +6 battleaxe of the Firefly {distort, rPois
                  | Dex+3}
 32391 | Orc:1    | Noticed an orc warlord
 32398 | Orc:1    | Noticed Error4North's ghost (journeyman HOFi)
 32470 | Orc:1    | Noticed a red very ugly thing
 32505 | Orc:1    | Reached skill level 5 in Stealth
 32656 | Orc:1    | Found a one-way gate to the infinite horrors of the Abyss.
 32855 | Orc:2    | Entered Level 2 of the Orcish Mines
 33542 | Orc:2    | Reached skill level 10 in Poison Magic
 34308 | Orc:2    | Found a staircase to the Elven Halls.
 34427 | Orc:2    | Reached skill level 12 in Air Magic
 34445 | Orc:2    | Reached skill level 5 in Summonings
 34800 | Orc:2    | Reached skill level 1 in Shields
 35184 | Orc:2    | Reached XP level 15. HP: 93/93 MP: 23/23
 35397 | Orc:2    | Found Pufos's Weapon Shop.
 35397 | Orc:2    | Found Abutoudo's Antique Weapon Emporium.
 35398 | Orc:2    | Found Ehemoebb's Distillery.
 35398 | Orc:2    | Found Qierghug's Assorted Antiques.
 35408 | Orc:2    | Bought a potion of heal wounds for 55 gold pieces
 35811 | Lair:6   | Identified the +4 falchion "Tuff" {flame, +Inv rPois} (You
                  | found it on level 3 of the Lair of Beasts)
 36066 | Orc:2    | Bought the +3 hand crossbow "Feipash" {elec, rElec MR+
                  | Dex-2} for 547 gold pieces
 36743 | D:12     | Reached skill level 1 in Crossbows
 37623 | D:13     | Found a flagged portal.
 37655 | Bailey   | Entered a bailey
 38315 | D:13     | Found a transporter.
 38319 | D:13     | Noticed an acid blob
 38319 | D:13     | Noticed an acid blob
 38949 | D:13     | Found a transporter.
 38984 | D:13     | Found a gate to the Vaults.
 40342 | D:15     | Entered Level 15 of the Dungeon
 40560 | D:15     | Reached skill level 5 in Crossbows
 41291 | D:15     | Found a staircase to the Depths.
 41881 | Swamp:1  | Entered Level 1 of the Swamp
 42014 | Swamp:1  | Noticed a thorn hunter
 42152 | Swamp:1  | Killed a thorn hunter
 42396 | D:9      | Bought a warped scimitar for 288 gold pieces
 42396 | D:9      | Identified the +9 scimitar of the Ancients {holy, rF+ rC-
                  | Dex+4} (You bought it in a shop on level 9 of the Dungeon)
 43067 | Swamp:1  | Reached skill level 1 in Long Blades
 44692 | Swamp:2  | Reached XP level 16. HP: 99/100 MP: 24/24
 45317 | Swamp:2  | Noticed Jorgrun
 45320 | Swamp:2  | Reached skill level 5 in Long Blades
 45332 | Swamp:2  | Killed Jorgrun
 45494 | Swamp:2  | Noticed a thorn hunter
 45495 | Swamp:2  | sigh
 45510 | Swamp:2  | Killed a thorn hunter
 45988 | Swamp:2  | Paralysed by a hornet for 2 turns
 46183 | Swamp:2  | Reached skill level 10 in Dodging
 48133 | Swamp:3  | Found a runed translucent gate.
 48133 | Swamp:3  | Found a runed translucent gate.
 48133 | Swamp:3  | Found a runed translucent gate.
 48133 | Swamp:3  | Noticed Tuxkiomm's ghost (adept MiFi)
 48134 | Swamp:3  | Noticed Komuebb's ghost (journeyman DDFi)
 48134 | Swamp:3  | Noticed Vogy's ghost (journeyman DDFi)
 48944 | Swamp:4  | Entered Level 4 of the Swamp
 49875 | Swamp:4  | Identified the Papyrus of Shifting Companions
 49884 | Swamp:4  | Noticed a tentacled monstrosity
 49906 | Swamp:4  | Killed a tentacled monstrosity
 51581 | D:9      | Bought the +6 hunting sling of the Final Decision {flame,
                  | +Fly rPois rN+ Dex-5} for 595 gold pieces
 51607 | D:9      | Bought a potion of haste for 320 gold pieces
 51607 | D:9      | Bought a potion of curing for 96 gold pieces
 51607 | D:9      | Bought a scroll of teleportation for 96 gold pieces
 51607 | D:9      | Bought a potion of haste for 320 gold pieces
 51680 | Orc:2    | Bought a potion of curing for 33 gold pieces
 51680 | Orc:2    | Bought a potion of curing for 33 gold pieces
 51680 | Orc:2    | Bought 2 potions of haste for 220 gold pieces
 52874 | Swamp:4  | Reached XP level 17. HP: 42/106 MP: 25/25
 53251 | Swamp:4  | Got a decaying rune of Zot
 53821 | Spider:1 | Entered Level 1 of the Spider Nest
 53962 | Spider:1 | Reached skill level 10 in Long Blades
 54109 | Spider:1 | Found a frozen archway.
 54136 | IceCv    | Entered an ice cave
 57682 | Spider:2 | Got an amber-encrusted scale mail
 57715 | Spider:2 | Identified the cursed +1 scale mail of Chill Winds {rCorr}
                  | (You found it on level 2 of the Spider Nest)
 57857 | Spider:2 | Reached skill level 5 in Shields
 58346 | Spider:2 | Learned a level 6 spell: Shadow Creatures
 58657 | Spider:3 | Noticed Aizul
 58674 | Spider:3 | Killed Aizul
 60154 | Orc:2    | Paralysed by an ogre mage for 5 turns
 60234 | Orc:2    | Bought a +0 double sword for 210 gold pieces
 60885 | Orc:1    | ooops
 61143 | Orc:1    | Killed Error4North's ghost
 62159 | Spider:3 | Reached XP level 18. HP: 114/114 MP: 23/26
 62614 | Spider:4 | Entered Level 4 of the Spider Nest
 62793 | Spider:4 | Reached skill level 10 in Summonings
 66332 | Spider:4 | Noticed Arachne
 67010 | Spider:4 | Killed Arachne
 67759 | Spider:4 | Paralysed by a hornet for 2 turns
 70039 | Orc:2    | Bought a potion of curing for 63 gold pieces
 71175 | Spider:4 | Got a gossamer rune of Zot
 71438 | Vaults:1 | Entered Level 1 of the Vaults
 71562 | D:13     | Reached skill level 15 in Summonings
 72599 | Vaults:1 | Got a slimy chain mail
 72670 | Vaults:1 | Identified the +6 chain mail "Ruletept" {rC+} (You found it
                  | on level 1 of the Vaults)
 72701 | Vaults:1 | Found Uloewn's Book Boutique.
 73083 | Vaults:1 | Reached XP level 19. HP: 59/120 MP: 16/27
 75935 | Vaults:2 | Found Goetz's Antique Armour Shoppe.
 79070 | Vaults:2 | Upgraded the game from 0.25-a0-505-gae4569222e to
                  | 0.25-a0-523-g9afb2ee040
 80921 | Vaults:3 | Reached XP level 20. HP: 107/127 MP: 28/28
 81169 | Vaults:3 | Found a staircase to the Crypt.
 81721 | Vaults:3 | Paralysed by an ogre mage for 5 turns
 83863 | Vaults:3 | Reached skill level 15 in Armour
 84566 | Vaults:3 | Found Sutar's Assorted Antiques.
 86041 | Vaults:4 | Reached skill level 15 in Long Blades
 86740 | Vaults:4 | Noticed Boris
 87077 | Vaults:4 | Reached skill level 10 in Shields
 87143 | Vaults:4 | Reached XP level 21. HP: 98/132 MP: 29/29
 87279 | Vaults:3 | Learned a level 6 spell: Freezing Cloud
 87733 | Vaults:4 | Reached skill level 1 in Ice Magic
 88444 | Vaults:4 | Killed Boris
 88847 | Vaults:4 | Reached skill level 13 in Air Magic
 88941 | Vaults:4 | Reached skill level 10 in Conjurations
 90105 | Vaults:4 | Reached skill level 5 in Ice Magic
 90318 | Vaults:4 | Found Reumesid's Jewellery Emporium.
 90344 | Vaults:4 | Upgraded the game from 0.25-a0-523-g9afb2ee040 to
                  | 0.25-a0-528-g6b7c99946c
 90344 | Vaults:4 | Upgraded the game from 0.25-a0-528-g6b7c99946c to
                  | 0.25-a0-547-g27a0b5d1ef
 90418 | Vaults:4 | Learned a level 3 spell: Dazzling Flash
 90545 | Depths:1 | Entered Level 1 of the Depths
 90576 | Depths:1 | Reached skill level 14 in Air Magic
 91469 | Depths:1 | Found a gateway to Hell.
 92299 | Depths:1 | Noticed Saint Roka
 92446 | Depths:1 | Noticed Nikola
 92613 | Depths:1 | Killed Nikola
 92767 | Depths:1 | Killed Saint Roka
 92767 | Depths:1 | Reached skill level 15 in Air Magic
 92767 | Depths:1 | Reached XP level 22. HP: 101/137 MP: 30/30
 93196 | Depths:2 | Found Jops's Book Emporium.
 93850 | Depths:2 | Noticed a caustic shrike
 93853 | Depths:2 | Noticed a caustic shrike
 93854 | Depths:2 | Noticed a caustic shrike
 93898 | Depths:2 | Noticed a juggernaut
 93918 | Depths:1 | Killed a juggernaut
 95792 | Depths:2 | Killed a caustic shrike
 95792 | Depths:2 | Killed a caustic shrike
 95794 | Depths:2 | Reached skill level 16 in Air Magic
 95799 | Depths:2 | Killed a caustic shrike
 95842 | Depths:2 | HP: 1/137 [spriggan air mage/the air[a glowing orange
                  | brain] (34)]
 95845 | Depths:2 | Killed from afar by a spriggan air mage

Levels and vault maps discovered:
D:1:      kennysheep_arrival_seaside, layout_basic
D:2:      layout_basic, uniq_terence
D:3:      minmay_octagon_keep, layout_rooms, tso_oasis_becter,
          chequers_temple_overflow_statue_of_worship, first_ration
D:4:      layout_cave_pods, grunt_temple_overflow_open
D:5:      layout_gridville, sigmund_edmund_badplayer
D:6:      layout_rooms, portal_sewer_entry_e
D:7:      layout_loops_ring, minmay_temple_entry_antechambers, grunt_ogre_cave,
          grunt_decor_fettered
D:8:      layout_gridville, st_stairs_5, uniq_joseph, uniq_prince_ribbit1
D:9:      layout_roguey, lemuel_crystal_altar, erik_orc_3, serial_shops, shop,
          nicolae_shop_temple_entry_statues_fountains, nicolae_shop_stone,
          uniq_erica, uniq_psyche
D:10:     layout_roguey, david_lair_generic, billiards_dpeg, uniq_josephine,
          uniq_urug
D:11:     layout_loops_corners, kennysheep_generic_room_4, uniq_sonja
D:12:     layout_big_octagon, serial_undead, serial_undead_b, serial_undead_e,
          serial_undead_d, serial_undead_b
D:13:     gammafunk_cloud_chamber, layout_cave_pools, erik_vaults_2,
          gauntlet_entry_generic, lightli_bailey_entry_fortress
D:14:     layout_gridville, minmay_misc_feat_x
D:15:     hangedman_depths_entry_civil_slaughter, layout_gridville,
          serial_rivers, chequers_serial_rivers_marsh,
          chequers_serial_rivers_large_b, chequers_serial_rivers_micro_b,
          chequers_serial_rivers_small_a, chequers_serial_rivers_small_a,
          chequers_serial_rivers_micro_e
Lair:1:   layout_small_grid, infiniplex_staircase_pool_2, grunt_megastairs_1
Lair:2:   layout_hall_layers, minmay_swamp_entry_worms, lemuel_fruit_fields,
          uniq_fannar
Lair:3:   layout_long_grid, spider_nest_entry_webs, minivault_26,
          lemuel_fruit_fields
Lair:4:   layout_gridlike, small_statue_intersection
Lair:5:   layout_layer_cave, slime_altar_2, serial_bayou_shore_b
Lair:6:   evilmike_catoblepas_cave, layout_concentric_octagons, worms_lemuel
Swamp:1:  layout_falls_marsh, hangedman_swamp_blocks, grunt_hermit_hut
Swamp:2:  layout_basic_swamp, evilmike_swamp_ruin_house_4, uniq_jorgrun
Swamp:3:  layout_basic_swamp, gammafunk_ghost_cemetery,
          hangedman_swamp_ruin_wall, nicolae_swamp_alligator_family
Swamp:4:  swamp, layout_basic_swamp
Spider:1: layout_spider_delve, portal_ice_cave_entry_ice_statue_one
Spider:2: layout_spider_delve
Spider:3: layout_spider_delve, uniq_aizul
Spider:4: johnstein_spider_rune_arachne_lair, nicolae_arachne_temple
Orc:1:    layout_diamond_mine, gammafunk_ghost_abyssal_escape, uniq_gastronok
Orc:2:    st_orc_ogre_mass, layout_caves, lightli_orcish_oven
Vaults:1: grunt_vaults_hallway_long, hangedman_vaults_stitches, v_rooms_5,
          hangedman_vaults_variations, vaults_room_ringed_pool,
          vaults_dpeg_encased_lava, layout_vaults_omnigrid, serial_shops, shop
Vaults:2: v_misc_33, v_misc_24, nicolae_vaults_asterisk, vaults_room_door_ring,
          nicolae_vaults_fighting_squares, vaults_room_grid, v_rooms_6,
          nicolae_vaults_alarming, layout_vaults_omnicross, serial_shops, shop
Vaults:3: minmay_crypt_entry_simple_box, nicolae_vaults_puzzle_piece,
          grunt_vaults_swirl, st_eye, hangedman_vaults_capsules,
          hangedman_vaults_hat, vaults_room_grid, nicolae_vaults_circle_grid_a,
          v_misc_23, vaults_room_grid, vaults_standard_mumra_x,
          ontoclasm_vaults_pinch, vaults_dpeg_cross, vaults_mumra_hexcomb,
          nicolae_vaults_little_ls, nicolae_vaults_little_squares_4,
          ontoclasm_vaults_decontamination, layout_vaults_omnibox, serial_shops,
          shop
Vaults:4: dpeg_vaults_pockets_of_resistance, ontoclasm_vaults_ligature,
          grunt_vaults_trifunnel, grunt_vaults_hallway_long,
          vaults_room_large_hall, ontoclasm_vaults_spin,
          nicolae_vaults_network_s, hangedman_vaults_slice, v_rooms_4,
          hangedman_vaults_stretched_pinwheel, hangedman_vaults_impose,
          ontoclasm_vaults_eye, nicolae_vaults_little_squares_2,
          ontoclasm_vaults_gateway, layout_vaults_maze_snakey, serial_shops,
          nicolae_shop_behind_doors, uniq_boris
Depths:1: layout_honeycomb, roderic_roman_lattice, abyss_entry,
          grunt_hell_entry_dis_mu, fake_guardian_serpent_vault, uniq_nikola,
          uniq_saint_roka
Depths:2: grunt_x_marks_the_spot, layout_cave_pools, serial_sigils,
          serial_sigils_hangedman_gut, serial_sigils_hangedman_snap,
          serial_sigils_hangedman_leer, serial_sigils_hangedman_scar,
          pf_vacation_house_of_asmodeus, serial_shops, shop

Skill      XL: |  1  2  3  4  5  6  7  8  9 10 11 12 13 14 15 16 17 18 19 20 21 22 |
---------------+-------------------------------------------------------------------+-----
Dodging        | 3 4 5 7 9 10 11 12 13 | 13.7
Poison Magic   | 4 5 6 7 9 10 | 10.0
Air Magic      | 2 3 4 5 7 10 12 15 16 | 16.1
Conjurations   | 1 2 3 5 7 8 12 13 | 13.9
Spellcasting   | 3 4 5 |  5.9
Short Blades   | 1 3 7 10 | 10.0
Armour         | 1 3 5 6 9 11 12 13 14 15 | 15.4
Fighting       | 1 2 3 6 7 9 10 11 12 13 14 | 14.0
Evocations     | 5 7 8 |  8.0
Stealth        | 3 6 |  6.0
Summonings     | 8 9 15 | 15.0
Shields        | 2 4 5 6 8 10 | 10.0
Crossbows      | 5 |  5.0
Long Blades    | 4 9 11 13 15 | 15.0
Ice Magic      | 5 |  5.0
Transmutations | |  0.7

Action                   |  1- 3 |  4- 6 |  7- 9 | 10-12 | 13-15 | 16-18 | 19-21 | 22-24 || total
-------------------------+-------+-------+-------+-------+-------+-------+-------+-------++-------
Melee: Kick              |     4 |    15 |    78 |   238 |   620 |   617 |  1026 |   123 ||  2721
       Unarmed           |     1 |       |       |       |       |       |       |       ||     1
       Dagger            |     9 |    78 |   380 |   684 |  1218 |    16 |       |       ||  2385
       Peck              |     2 |     8 |    62 |   169 |   393 |   400 |   661 |    76 ||  1771
       Short sword       |       |       |       |   109 |   249 |       |       |       ||   358
       Scimitar          |       |       |       |       |   170 |   798 |    41 |     7 ||  1016
       Double sword      |       |       |       |       |       |   489 |  2046 |    57 ||  2592
       Demon blade       |       |       |       |       |       |       |       |   169 ||   169
 Fire: Hunting sling     |       |       |       |       |       |    48 |       |       ||    48
Throw: Boomerang         |     1 |    20 |     9 |    16 |    34 |     8 |       |       ||    88
       Stone             |       |     6 |       |       |       |       |       |       ||     6
       Dart              |       |       |       |       |       |     8 |       |       ||     8
       Javelin           |       |       |       |       |       |     9 |    35 |     1 ||    45
 Cast: Sting             |    28 |     9 |    52 |    74 |    54 |   144 |     5 |       ||   366
       Poisonous Vapours |     4 |    22 |    50 |    84 |   111 |   231 |    53 |       ||   555
       Mephitic Cloud    |       |       |     5 |    32 |    62 |     5 |    23 |     2 ||   129
       Olgreb's Toxic Ra |       |       |       |     2 |     9 |    61 |    19 |     3 ||    94
       Summon Lightning  |       |       |       |       |    42 |   115 |    20 |     7 ||   184
       Shadow Creatures  |       |       |       |       |       |     8 |     8 |     3 ||    19
       Dazzling Flash    |       |       |       |       |       |       |     3 |       ||     3
 Abil: Fly               |       |     1 |       |       |       |       |       |       ||     1
Evoke: Wand              |       |       |       |     1 |     5 |    13 |     5 |     1 ||    25
       Lamp of fire      |       |       |       |       |       |     1 |     1 |     1 ||     3
       Lightning rod     |       |       |       |       |       |       |     2 |     5 ||     7
  Use: Scroll            |       |     3 |    16 |    10 |    12 |    10 |    13 |     5 ||    69
       Potion            |       |       |     2 |     5 |     3 |    16 |     6 |     5 ||    37
 Stab: Sleeping          |       |     1 |     3 |     2 |       |     1 |     1 |       ||     8
       Confused          |       |       |     2 |    14 |    30 |     6 |    12 |     2 ||    66
       Distracted        |       |       |       |       |     8 |    19 |    12 |       ||    39
       Held in net/web   |       |       |       |       |       |     1 |       |       ||     1
       Invisible         |       |       |       |       |       |       |     4 |       ||     4
  Eat: Chunk             |     2 |    10 |    19 |    32 |    57 |    52 |    59 |     7 ||   238
       Ration            |       |       |     1 |     3 |     9 |    22 |     5 |     2 ||    42
Armor: Robe              |     3 |       |       |       |       |       |       |       ||     3
       Ring mail         |       |    20 |    97 |   114 |       |       |       |       ||   231
       Chain mail        |       |       |       |   173 |   615 |   246 |       |       ||  1034
       Ice dragon scales |       |       |       |       |       |   421 |   419 |    96 ||   936
Dodge: Dodged            |    11 |    51 |   265 |   422 |   644 |  1218 |   994 |   194 ||  3799
Block: Buckler           |       |       |       |       |    75 |   515 |   493 |    84 ||  1167
       Rpst.: Scimitar   |       |       |       |       |    31 |   122 |     4 |     1 ||   158
       Double sword      |       |       |       |       |       |    74 |   214 |     3 ||   291
       Demon blade       |       |       |       |       |       |       |       |    15 ||    15

Table legend:
 A = Non-vault XP
 B = Vault XP
 C = Vault XP percentage of total XP
 D = Non-vault monster count
 E = Vault monster count
 F = Vault count percentage of total count
                 A         B        C        D         E       F
            +---------+---------+-------+---------+---------+-------
      Total |  352927 |  283607 |  44.6 |    1155 |     606 |  34.4
            +---------+---------+-------+---------+---------+-------
        D:1 |      37 |       0 |   0.0 |      20 |       0 |   0.0
        D:2 |     170 |      32 |  15.8 |      28 |       1 |   3.4
        D:3 |     259 |      38 |  12.8 |      17 |      17 |  50.0
        D:4 |     961 |       0 |   0.0 |      38 |       0 |   0.0
        D:5 |     707 |     359 |  33.7 |      23 |       2 |   8.0
        D:6 |     652 |      38 |   5.5 |      14 |       8 |  36.4
        D:7 |     334 |     125 |  27.2 |       7 |       1 |  12.5
        D:8 |    2252 |     799 |  26.2 |      28 |       4 |  12.5
        D:9 |    2880 |    2112 |  42.3 |      42 |      24 |  36.4
       D:10 |    1357 |    3232 |  70.4 |       9 |      10 |  52.6
       D:11 |    5067 |    1034 |  16.9 |      47 |       4 |   7.8
       D:12 |    2380 |    1731 |  42.1 |      11 |       4 |  26.7
       D:13 |    4247 |    6876 |  61.8 |      27 |      24 |  47.1
       D:14 |    5292 |       0 |   0.0 |      17 |       0 |   0.0
       D:15 |    2425 |    3510 |  59.1 |       6 |       6 |  50.0
     Lair:1 |    6435 |       0 |   0.0 |      30 |       0 |   0.0
     Lair:2 |    2983 |    1881 |  38.7 |      14 |       5 |  26.3
     Lair:3 |    4941 |     445 |   8.3 |      20 |       2 |   9.1
     Lair:4 |    1861 |       0 |   0.0 |       6 |       0 |   0.0
     Lair:5 |    6821 |    5032 |  42.5 |      36 |       8 |  18.2
     Lair:6 |    1383 |    8326 |  85.8 |       6 |      19 |  76.0
    Swamp:1 |   14410 |     645 |   4.3 |      39 |       1 |   2.5
    Swamp:2 |   15917 |    2666 |  14.3 |      36 |       1 |   2.7
    Swamp:3 |   10300 |    5484 |  34.7 |      37 |       7 |  15.9
    Swamp:4 |   11829 |   10292 |  46.5 |      21 |      22 |  51.2
   Spider:1 |   15031 |     451 |   2.9 |      44 |       1 |   2.2
   Spider:2 |   20810 |       0 |   0.0 |      65 |       0 |   0.0
   Spider:3 |   13754 |    5281 |  27.7 |      44 |       8 |  15.4
   Spider:4 |   15579 |   37247 |  70.5 |      35 |      88 |  71.5
      Orc:1 |    2752 |    8214 |  74.9 |      41 |       9 |  18.0
      Orc:2 |    3526 |   18166 |  83.7 |      48 |      44 |  47.8
   Vaults:1 |   16369 |    4438 |  21.3 |      43 |      19 |  30.6
   Vaults:2 |   33257 |   14894 |  30.9 |      59 |      25 |  29.8
   Vaults:3 |   50299 |   39999 |  44.3 |      84 |      51 |  37.8
   Vaults:4 |   41012 |   51407 |  55.6 |      62 |      67 |  51.9
   Depths:1 |   31329 |   23829 |  43.2 |      44 |      26 |  37.1
   Depths:2 |    3309 |   17773 |  84.3 |       7 |      10 |  58.8
      Sewer |       0 |     356 | 100.0 |       0 |      48 | 100.0
     Bailey |       0 |    1871 | 100.0 |       0 |      16 | 100.0
      IceCv |       0 |    5024 | 100.0 |       0 |      24 | 100.0
            +---------+---------+-------+---------+---------+-------
